 Dungeon Crawl Stone Soup version 0.31-a0-625-gc9c7e45f3f (webtiles) character file.

Game seed: 4205904164660369442

275 Ijustatesigmund the Stinger (level 6, 0/57 HPs)
             Began as an Octopode Venom Mage on Aug 24, 2023.
             Slain by a kobold
             ... wielding a +0 short sword
              (3 damage)
             ... on level 4 of the Dungeon.
             The game lasted 00:10:31 (5177 turns).

Ijustatesigmund the Stinger (Octopode Venom Mage)   Turns: 5177, Time: 00:10:32

Health: 0/57       AC: 23    Str: 13    XL:     6   Next: 24%
Magic:  10/11      EV:  2    Int: 20    God:
Gold:   147        SH:  0    Dex: 12    Spells: 1/11 levels left

rFire   . . .        b - +2 flail (pain)
rCold   . . .        (no shield)
rNeg    . . .        (helmet currently unavailable)
rPois   +            h - amulet of magic regeneration
rElec   .            m - ring of willpower
rCorr   .            o - +6 ring of strength
SInv    .            (no ring)
Will    +....        (no ring)
Stlth   ++           (no ring)
HPRegen 0.29/turn    (no ring)
MPRegen 0.52/turn    (no ring)
                     (no ring)

%: no passive effects
@: tree-form, attractive
A: stationary, stasis, torment immunity, boosted hp, almost no armour,
(amphibious), 8 rings, (camouflage 1), (gelatinous body 1), (nimble swimmer 1),
(tentacles)
a: no special abilities


You were on level 4 of the Dungeon.
You were a tree.
You visited 1 branch of the dungeon, and saw 4 of its levels.

You collected 197 gold pieces.
You spent 50 gold pieces at shops.

Inventory:

Hand Weapons
 b - a +2 flail of pain (weapon)
Jewellery
 h - an amulet of magic regeneration (around neck)
 i - a ring of fire
 m - a ring of willpower (left branch)
 o - a +6 ring of strength (right branch)
Scrolls
 n - a scroll of amnesia
Potions
 a - 2 potions of magic


   Skills:
 - Level 1.3 Fighting
 + Level 0.0 Maces & Flails
 - Level 2.0 Dodging
 - Level 2.6 Stealth
 + Level 3.4 Spellcasting
 + Level 2.2 Conjurations
 - Level 1.0 Transmutations
 + Level 2.4 Air Magic
 + Level 5.1 Poison Magic


You had one spell level left.
You knew the following spells:

 Your Spells              Type           Power      Damage    Failure   Level
a - Magic Dart            Conj           48%        1d5       5%          1
b - Poisonous Vapours     Pois/Air       36%        N/A       4%          2
c - Mephitic Cloud        Conj/Pois/Air  16%        N/A       11%         3
d - Olgreb's Toxic Radia  Pois           24%        N/A       16%         4

Your spell library contained the following spells:

 Spells                   Type           Power      Damage    Failure   Level
 Sting                    Tmut/Pois      60%        1d6       3%          1
 Static Discharge         Conj/Air       24%        2-3/arc   8%          2
 Searing Ray              Conj           24%        2d5       9%          2
 Call Imp                 Summ           6%         N/A       21%         2
 Ensorcelled Hibernation  Hex/Ice        6%         N/A       21%         2
 Airstrike                Air            6%         2d(1-17)  43%         4
 Summon Lightning Spire   Summ/Air       8%         N/A       63%         4
 Fulminant Prism          Conj/Hex       3%         3d5       65%         4
 Anguish                  Hex/Necr       1%         N/A       80%         4


Dungeon Overview and Level Annotations

Branches:
Dungeon (4/15)
 Temple: D:4-7

Altars:
Dithmenos
Elyvilon
Yredelemnul

Shops:
D:2 [   D:4 (=!


Innate Abilities, Weirdness & Mutations

You are a tree.
Your roots penetrate the ground, keeping you stationary.
You cannot be teleported.
You are immune to unholy pain and torment.
Your maximum health is greatly increased.
You cannot wear most types of armour.
((You are amphibious.))
You can wear up to eight rings at the same time.
((Your skin changes colour to match your surroundings (Stealth+).))
((Your rubbery body absorbs attacks. (AC +1, EV +1)))
((You are camouflaged when in or above water. (Stealth+)))
((You have tentacles for arms and can constrict up to eight enemies at once.))


Message History

The kobold brigand hits you but does no damage.
The kobold hits you but does no damage.
You struggle against the net.
The kobold hits you but does no damage.
The kobold brigand hits you but does no damage.
The kobold hits you but does no damage.
You rip the net and break free!
The kobold hits you but does no damage.
The kobold brigand hits you but does no damage.
The kobold hits you with a +0 short sword.
* * * LOW HITPOINT WARNING * * *
You closely miss the kobold brigand.
The kobold brigand is moderately wounded.
You kill the kobold!
The kobold hits you but does no damage.
The kobold brigand hits you with a +0 dagger.
* * * LOW HITPOINT WARNING * * *
The kobold hits you but does no damage.
Casting: Poisonous Vapours (safe; 4% risk of failure)
Confirm with . or Enter, or press ? or * to list all spells.
Aiming: Poisonous Vapours (safe; 4% risk of failure)
Press: ? - help, Dir - move target, f/p - kobold brigand
Aim: a kobold brigand, wielding a +0 dagger and quivering a throwing net (moderately wounded, poisoned) Poisonous vapours surround the kobold brigand!
The kobold brigand looks even sicker.
The kobold brigand hits you with a +0 dagger.
* * * LOW HITPOINT WARNING * * *
The kobold hits you with a +0 short sword.
* * * LOW HITPOINT WARNING * * *
You hit the kobold brigand but do no damage.
The kobold brigand is moderately wounded.
The kobold brigand hits you with a +0 dagger.
* * * LOW HITPOINT WARNING * * *
The kobold hits you but does no damage.
The kobold brigand hits you with a +0 dagger.
* * * LOW HITPOINT WARNING * * *
You closely miss the kobold brigand.
The kobold brigand is heavily wounded.
The kobold hits you but does no damage.
The kobold brigand hits you but does no damage.
The kobold hits you with a +0 short sword.
You die...

.##.....# .. .. .#...#
..8.....# #( ....###..
.......# #.. # #......#
#... ## #......# #...##.
.##......# #......
.........# #......
##.....K.# #).....
...$..K♣.#########......
..?...)..).............†
####.#####†.............
# #..............
#..?#.......###
#........... #
#.......... #
#.........# #
#.......... ##


You could see a kobold brigand (very poisoned) and a kobold.

Vanquished Creatures
  A phantom (D:3)
  An orc priest (D:4)
  2 gnolls
  4 adders
  2 worms
  A dart slug (D:3)
  3 orcs (D:3)
  8 ball pythons
  2 bats (D:1)
  16 endoplasms
  12 giant cockroaches
  9 hobgoblins
  2 jackals (D:4)
  A quokka (D:1)
  4 frilled lizards
  7 goblins
  11 kobolds
  7 rats
93 creatures vanquished.

Notes
Turn   | Place    | Note
-------+----------+-------------------------------------------
     0 | D:1      | Ijustatesigmund the Octopode Venom Mage began the quest for
                  | the Orb.
     0 | D:1      | Reached XP level 1. HP: 11/11 MP: 3/3
   197 | D:1      | Reached XP level 2. HP: 9/18 MP: 1/5
   204 | D:1      | Reached skill level 1 in Fighting
   352 | D:1      | Learned a level 2 spell: Poisonous Vapours
   578 | D:1      | Reached skill level 4 in Poison Magic
   578 | D:1      | Reached XP level 3. HP: 23/23 MP: 3/6
   729 | D:1      | Learned a level 3 spell: Mephitic Cloud
  2105 | D:2      | Reached skill level 1 in Air Magic
  2371 | D:2      | Reached XP level 4. HP: 28/28 MP: 2/7
  3170 | D:2      | Reached skill level 1 in Conjurations
  3494 | D:2      | Found Nolal's Antique Armour Emporium.
  3510 | D:2      | Learned a level 1 spell: Magic Dart
  3855 | D:3      | Reached XP level 5. HP: 31/33 MP: 6/9
  3868 | D:3      | Found a basalt altar of Yredelemnul.
  3998 | D:3      | Found a shadowy altar of Dithmenos.
  4229 | D:4      | Found Dakeint's Jewellery Emporium.
  4232 | D:4      | Found Aniatat's Distillery.
  4256 | D:4      | Bought a potion of heal wounds for 50 gold pieces
  4275 | D:4      | Found a white marble altar of Elyvilon.
  4442 | D:4      | Found Mihom's Weapon Shop.
  4551 | D:4      | Noticed a phantom
  4699 | D:3      | Killed a phantom
  4700 | D:3      | Reached skill level 5 in Poison Magic
  4700 | D:3      | Reached XP level 6. HP: 38/38 MP: 9/11
  5137 | D:4      | Learned a level 4 spell: Olgreb's Toxic Radiance
  5176 | D:4      | HP: 2/57 [kobold brigand/+0 dagger (1)]
  5177 | D:4      | Slain by a kobold

Illustrated notes

Levels and vault maps discovered:
D:1:      shiori_arrival_elements, layout_basic
D:2:      minmay_roachtagon, layout_loops_ring, serial_shops,
          nicolae_shop_real_fake_doors
D:3:      layout_rooms, grunt_dithmenos_smoke, mainiacjoe_overflow_catwalk
D:4:      layout_cave_pools, mainiacjoe_overflow_24_doors,
          minmay_temple_entry_fiery, serial_shops, shop_statue, shop,
          kennysheep_mini, nicolae_shop_pleasant_corner_grove, shop,
          lexackson_kobold_supper, uniq_crazy_yiuf_cottage

Skill      XL: |  1  2  3  4  5 |
---------------+----------------+-----
Fighting       | 1 |  1.3
Poison Magic   | 4 5 |  5.1
Air Magic      | 1 2 |  2.4
Conjurations   | 1 2 |  2.2
Spellcasting   | 3 |  3.4
Dodging        | |  2.0
Stealth        | |  2.6
Transmutations | |  1.0

Action                     |  1- 3 |  4- 6 || total
---------------------------+-------+-------++-------
  Melee: Flail             |    48 |   115 ||   163
         Unarmed           |     4 |       ||     4
         Tentacles         |     8 |    22 ||    30
         Dagger            |     1 |       ||     1
         Constrict         |    14 |    21 ||    35
         Punch             |     1 |       ||     1
   Cast: Sting             |     8 |     3 ||    11
         Poisonous Vapours |    18 |    50 ||    68
         Magic Dart        |       |    41 ||    41
    Use: Scroll            |     3 |     4 ||     7
         Potion            |       |     9 ||     9
   Stab: Sleeping          |     5 |     1 ||     6
 Armour: Skin              |     3 |    28 ||    31
  Dodge: Dodged            |    40 |    96 ||   136

Table legend: (Time is in decaauts)
 A = Elapsed time spent in this place.
 B = Non-inter-level travel time spent in this place.
 C = Inter-level travel time spent in this place.
 D = Time resting spent in this place.
 E = Time spent auto-exploring this place.
 F = Levels seen in this place.
 G = Mean time per level.
                   A        B        C        D        E       F      G
               +--------+--------+--------+--------+--------+-----+--------+
         Total |   5242 |   5163 |     79 |   2052 |   2382 |   4 | 1310.5 |
       Dungeon |   5242 |   5163 |     79 |   2052 |   2382 |   4 | 1310.5 |
               +--------+--------+--------+--------+--------+-----+--------+

Top non-repeatable levels by time:
     D:1: 2109 daAuts
     D:2: 1448 daAuts
     D:3: 1097 daAuts
     D:4: 588 daAuts
